 Dungeon Crawl Stone Soup version 0.31-a0-836-g3ceb0a68c4 (webtiles) character file.

Game seed: 5665457694759531071

135 hikkokomori the Shield-Bearer (level 5, -19/33 HPs)
             Began as a Gargoyle Fighter on Sept 27, 2023.
             Killed by an exploding orc (33 damage)
             ... ignited by their inner flame
             ... on level 3 of the Dungeon.
             The game lasted 00:02:21 (1546 turns).

hikkokomori the Shield-Bearer (Gargoyle Fighter)    Turns: 1546, Time: 00:02:24

Health: -19/33     AC: 10    Str: 19    XL:     5   Next: 18%
Magic:  7/7        EV:  9    Int: 11    God:
Gold:   134        SH:  5    Dex: 15    Spells: 6/6 levels left

rFire   . . .        a - +0 war axe
rCold   . . .        c - +0 buckler
rNeg    + . .        b - +0 scale mail
rPois   ∞            (no helmet)
rElec   +            (no cloak)
rCorr   .            (no gloves)
SInv    .            (no boots)
Will    .....        i - amulet of the acrobat Stlth
                     n - +6 ring of dexterity
HPRegen 0.25/turn    (no ring)
MPRegen 0.10/turn

%: acrobat
@: no status effects
A: sickness immunity, AC +4, negative energy resistance 1, electricity
resistance, torment resistance 1, petrification resistance
a: no special abilities


You were on level 3 of the Dungeon.
You visited 1 branch of the dungeon, and saw 3 of its levels.

You collected 134 gold pieces.

Inventory:

Hand Weapons
 a - a +0 war axe (weapon)
Missiles
 p - 8 javelins
Armour
 b - a +0 scale mail (worn)
 c - a +0 buckler (worn)
Jewellery
 i - an amulet of the acrobat (around neck)
 n - a +6 ring of dexterity (left hand)
Scrolls
 f - 6 scrolls of identify
Potions
 d - a potion of might
 e - a potion of berserk rage {unknown}
 j - a potion of degeneration {unknown}
 k - a potion of brilliance {unknown}
 m - a potion of cancellation {unknown}
 o - a potion of heal wounds {unknown}


   Skills:
 + Level 4.2 Fighting
 + Level 2.8 Axes
 - Level 3.6 Armour
 + Level 4.2 Shields
 + Level 1.3 Spellcasting


You had 6 spell levels left.
You didn't know any spells.
Your spell library contained the following spells:

 Spells                   Type           Power      Damage    Failure   Level
 Leda's Liquefaction      Hex/Erth       0%         N/A       100%        4
 Lee's Rapid Deconstruct  Erth           0%         3d4*      100%        5
 Bombard                  Conj/Erth      0%         9d1       100%        6


Dungeon Overview and Level Annotations

Branches:
Dungeon (3/15)

Altars:


Innate Abilities, Weirdness & Mutations

You are immune to sickness and miasma.
Your stone body is resilient. (AC +4)
You are immune to poison.
You resist negative energy. (rN+)
You are resistant to electric shocks. (rElec)
You are resistant to unholy torment.
You are immune to petrification.


Message History

You barely miss the adder. The adder bites you but does no damage.
The orc barely misses you. The adder bites you but does no damage.
You miss the adder. You barely miss the orc.
The adder bites you but does no damage.
The orc priest casts a cantrip, but nothing happens.
The orc hits you but does no damage.
You miss the adder. You hit the orc. You slash the orc!
You kill the orc!
The adder barely misses you.
The orc priest looks encouraged for a moment.
The orc priest mumbles some strange prayers to Beogh against you.
Beogh smites you! The orc hits you with a +0 hand axe.
The adder bites you but does no damage.
As you read the scroll labelled KOFEKHL ECVU, it crumbles to dust.
It is a scroll of identify.
l - a scroll of fog You block the adder's attack.
You block the orc's attack.
As you read the scroll of fog, it dissolves into smoke.
The adder bites you but does no damage. The orc priest hits you with a +0 club.
You block the orc's attack. The adder bites you but does no damage.
Unknown command.
As you read the scroll labelled ATROIT FEYFRED, it crumbles to dust.
Your body is wracked with pain!
The orc convulses!
It was a scroll of torment.
You aren't carrying any items that you can evoke.
Okay, then.
As you read the scroll of immolation, it crumbles to dust.
The creatures around you are filled with an inner flame!
Throw: 9 javelins
Press: ? - help, Shift-Dir - straight line, f - adder
Aim: an adder (38% to hit)
You throw a javelin. The javelin pierces through the orc.
The javelin pierces through the orc priest!
Flame seeps out of the orc priest.
The orc priest is severely wounded.
The javelin pierces through the adder.
The adder is moderately wounded.
The orc explodes!
The fiery explosion engulfs you!!
Ouch! That really hurt!
You die...

#....?##...#
.....§o#§..#
..)..oS§§§§+
......§#§§§#
#.....##.S.#
##(..###o..#
#####§§o### ##)###
#.########@§#
#..........##
#######.#### #.# #.#
#.# #.# #.#
#.###################


You could see 2 orc priests and an adder.

Vanquished Creatures
  A phantom (D:2)
  A gnoll (D:1)
  A worm (D:2)
  A dart slug (D:1)
  2 orcs (D:3)
  7 bats
  3 endoplasms
  3 giant cockroaches
  6 goblins
  3 hobgoblins
  4 jackals (D:3)
  5 kobolds
  2 ball pythons
  6 rats
45 creatures vanquished.

Notes
Turn   | Place    | Note
-------+----------+-------------------------------------------
     0 | D:1      | hikkokomori the Gargoyle Fighter began the quest for the
                  | Orb.
     0 | D:1      | Reached XP level 1. HP: 14/14 MP: 1/1
    82 | D:1      | Reached XP level 2. HP: 12/19 MP: 2/2
   128 | D:1      | Found a faded altar of an unknown god.
   428 | D:1      | Reached XP level 3. HP: 23/23 MP: 3/3
   546 | D:1      | You fall into a shaft and drop 1 floor!
   678 | D:2      | Noticed a phantom
   690 | D:2      | Killed a phantom
   691 | D:2      | Reached skill level 1 in Spellcasting
   691 | D:2      | Reached XP level 4. HP: 23/29 MP: 3/5
  1039 | D:2      | Reached XP level 5. HP: 33/33 MP: 6/6
  1546 | D:3      | Killed by an exploding orc... ignited by their inner flame

Illustrated notes

Levels and vault maps discovered:
D:1:      dpeg_arrival_three_smaller_balls, layout_rooms,
          hellmonk_ecumenical_altar_blasted, chequers_serial_rivers_large_b
D:2:      layout_loops_cross, dk_noncrumbling_4, kennysheep_minor_cross,
          minmay_liquid_box
D:3:      kennysheep_six_static_rooms, layout_basic

Skill      XL: |  1  2  3 |
---------------+----------+-----
Axes           | 2 |  2.8
Fighting       | 4 |  4.2
Shields        | 4 |  4.2
Spellcasting   | 1 |  1.3
Armour         | |  3.6

Action                     |  1- 3 |  4- 6 || total
---------------------------+-------+-------++-------
  Melee: War axe           |    67 |    46 ||   113
  Throw: Javelin           |       |     1 ||     1
    Use: Scroll            |       |     4 ||     4
 Armour: Scale mail        |    47 |    38 ||    85
  Dodge: Dodged            |    36 |    44 ||    80
  Block: Buckler           |    15 |    16 ||    31

Table legend: (Time is in decaauts)
 A = Elapsed time spent in this place.
 B = Non-inter-level travel time spent in this place.
 C = Inter-level travel time spent in this place.
 D = Time resting spent in this place.
 E = Time spent auto-exploring this place.
 F = Levels seen in this place.
 G = Mean time per level.
                   A        B        C        D        E       F      G
               +--------+--------+--------+--------+--------+-----+--------+
         Total |   1596 |   1581 |     15 |      0 |   1261 |   3 |  532.0 |
       Dungeon |   1596 |   1581 |     15 |      0 |   1261 |   3 |  532.0 |
               +--------+--------+--------+--------+--------+-----+--------+

Top non-repeatable levels by time:
     D:2: 706 daAuts
     D:1: 569 daAuts
     D:3: 320 daAuts
